Steven, neutral female human Valkyrie ---- ---- ---------- .. ..|## #.........| ..- ..|# |<.......| ..| .|# ##.........| | .| .|# # -.-------- |.--------.| .|# ### ####### |.a@.-.//|.-+-- .|# # # |....| //|.... .|### ### -+--.-----..-----.|# # |........-...|.|# ### -|---..%.| ..|.|# # |. ----.-----.|# ------.-- |]( +.......|# |.......| |(( |........# |....)..| ---- -.....{.|# |..>....| ...........|# |.......| ------------- --------- Steven the Fighter Experience level: 7 Strength: 15 Dexterity: 17 Constitution: 18 Intelligence: 9 Wisdom: 8 Charisma: 8 Health: 0(59) Energy: 15(15) Def: 10 Gold: 776 Moves: 2379 Dungeon seed: R1B5SIxeMMozLo4y Game ID: Steven_1440010499 Your Inventory: Coins $ - 776 gold pieces Weapons a - 5 +2 spears (wielded) Armor e - an uncursed +3 small shield (being worn) n - an uncursed +0 dwarvish cloak (being worn) r - a blessed +2 dwarvish iron helm (being worn) y - an uncursed +0 pair of iron shoes (being worn) Comestibles o - an uncursed eucalyptus leaf u - an uncursed tripe ration v - an uncursed tin of gnome meat D - an uncursed melon Scrolls m - 2 uncursed scrolls of scare monster s - an uncursed scroll of identify t - an uncursed scroll of remove curse K - an uncursed scroll of taming Potions g - 2 uncursed potions of see invisible j - an uncursed potion of booze l - an uncursed potion of confusion Wands c - a wand of cold (0:4) w - a wand of teleportation (0:6) Tools f - an uncursed oil lamp (0:1050) N - 4 blessed tallow candles (0:200) Spells and supernatural/magical abilities: Name Level Category Fail Memory W - pray for help -- divine ? -- Your skills at the end: Fighting Skills Weapon Skills dagger [Basic] spear [Skilled] Spellcasting Skills Final Attributes: You were devoutly aligned. You were cold resistant. You were stealthy. You could fly. You were fast. You are dead. Vanquished creatures: 2 small mimics a gnome king a gold golem a bugbear 10 Uruk-hai 2 gnome lords a giant ant a little dog 5 dwarves a werejackal 8 killer bees a large kobold a yellow mold 10 gnomes 2 jackals 2 foxen 4 goblins 4 sewer rats a bat 4 lichens a kobold zombie 2 newts 65 creatures vanquished. Voluntary challenges: You followed a strict vegan diet. You used a wielded weapon 88 times, starting on turn 73. You were illiterate. You never genocided any monsters. You never polymorphed an object. You never changed form. You used no wishes. You never split a pudding. You never wrote Elbereth's name. You never violated your personal moral code. Dungeon overview: The Dungeons of Doom: levels 1 to 4 Level 1 an altar to Odin, some fountains, a sink a long staircase Level 2 some fountains, a sink Level 3 a general store Level 4 stairs to The Gnomish Mines The Gnomish Mines: levels 5 to 7 Level 5 stairs to The Dungeons of Doom Level 6 Level 7 <- You were here some shops, a fountain History has recorded: On T:1 you entered the Dungeons of Doom to retrieve the Amulet of Yendor! On T:520 you reached level 2 of The Dungeons of Doom. On T:661 you reached level 3 of The Dungeons of Doom. On T:783 you advanced to experience level 2. On T:1258 you reached level 4 of The Dungeons of Doom. On T:1391 you advanced to experience level 3. On T:1403 you advanced to experience level 4. On T:1603 you reached level 1 of The Gnomish Mines. On T:1674 you advanced to experience level 5. On T:1700 you reached level 2 of The Gnomish Mines. On T:1834 you advanced to experience level 6. On T:2090 you advanced to experience level 7. On T:2268 you reached level 3 of The Gnomish Mines. Score breakdown: Gold: 776 ( 77 points) Experience: 7 levels ( 600 points) Exploration: 7 levels ( 180 points) Discoveries: 0 items ( 0 points) Variety of kills: 22 monsters ( 1100 points) Major goal: (nothing yet) ( 0 points) Survival: died (score multiplied by 3) Total score: 5871 Latest messages: You hit the soldier ant! The soldier ant misses. The soldier ant stings! The soldier ant bites! The soldier ant stings! You die... Final status: Farvel Steven the Valkyrie, killed by a soldier ant... You died in The Gnomish Mines on dungeon level 7 with 5871 points, and 776 pieces of gold, after 2379 moves. You were level 7 with a maximum of 59 hit points when you died.